 Dungeon Crawl Stone Soup version 0.22-a0-601-gb0ed703ee0 (webtiles) character file.

162 Banto the Distorting Ant (level 5, -2/41 HPs)
             Began as a Formicid Abyssal Knight on July 6, 2018.
             Was a Believer of Lugonu.
             Slain by an orc priest
             ... wielding a +0 club
              (3 damage)
             ... on level 4 of the Dungeon.
             The game lasted 00:04:52 (4107 turns).

Banto the Distorting Ant (Formicid Abyssal Knight)  Turns: 4107, Time: 00:04:53

Health: -2/41      AC:  5    Str: 18    XL:     5   Next: 71%
Magic:  17/17      EV: 11    Int: 11    God:    Lugonu [**....]
Gold:   6          SH:  0    Dex: 10    Spells: 4/4 levels left

rFire    . . .     SeeInvis +   a - +2 hand axe
rCold    + . .     Gourm    .   (no shield)
rNeg     . . .     Faith    .   b - +0 leather armour
rPois    .         Spirit   .   (helmet unavailable)
rElec    .         Reflect  .   (no cloak)
rCorr    .         Harm     .   i - +1 pair of gloves
MR       .....                  (no boots)
Stlth    +.........             (no amulet)
HPRegen  0.13/turn              d - ring of magical power
MPRegen  0.15/turn              m - ring of protection from cold

@: no status effects
A: permanent stasis, dig shafts and tunnels, four strong arms, antennae 3
a: Dig, Shaft Self, Depart the Abyss, Bend Space, Renounce Religion


You were on level 4 of the Dungeon.
You worshipped Lugonu.
Lugonu was pleased with you.
You were not hungry.

You visited 2 branches of the dungeon, and saw 5 of its levels.
You visited the Abyss 1 time.

You collected 94 gold pieces.
You spent 88 gold pieces at shops.

Inventory:

Hand Weapons
 a - a +2 hand axe (weapon)
Armour
 b - a +0 leather armour (worn)
 i - a +1 pair of gloves (worn)
Jewellery
 d - a ring of magical power (left hand)
 m - a ring of protection from cold (right hand)
Scrolls
 e - 3 scrolls of enchant armour
 n - a scroll of remove curse
Potions
 f - a potion of haste
 g - 2 potions of curing
 h - a potion of heal wounds
 k - a potion of agility
 o - a potion of cancellation
 p - a potion of might {unknown}
 q - 2 potions of mutation
Comestibles
 c - 3 rations


   Skills:
 - Level 3.2 Fighting
 + Level 4.0 Axes
 - Level 2.1 Armour
 - Level 0.8 Dodging
 + Level 4.8 Invocations


You had 4 spell levels left.
You didn't know any spells.
Your spell library was empty.

Dungeon Overview and Level Annotations

Branches:
Dungeon (4/15)             Temple (1/1) D:4

Altars:
Cheibriados
Dithmenos
Elyvilon
Fedhas
Gozag
Hepliaklqana
Makhleb
Okawaru
Qazlal
Ru
Sif Muna
Vehumet
Wu Jian
Xom
Yredelemnul
Zin
The Shining One

Shops:
D:4 ?

Annotations:
D:2 Sigmund
D:3 3 runed doors, psixmax's ghost, weakling HuFi


Innate Abilities, Weirdness & Mutations

You cannot be hasted, slowed, berserked, paralysed or teleported.
You can dig through walls and to a lower floor.
Your four strong arms can wield two-handed weapons with a shield.
You have a pair of large antennae on your head. (SInv)


Message History

Beogh smites you!
The orc priest hits you but does no damage.
The orc priest hits you with a short sword.
* * * LOW HITPOINT WARNING * * *
You take 15 damage, and have 12/41 hp.
MASSIVE DAMAGE!!
You barely miss the orc priest.
The orc priest is almost dead.
You hit the orc priest but do no damage.
The orc priest looks braver for a moment.
The orc priest closely misses you.
You closely miss the orc priest.
The orc priest is almost dead.
You hit the orc priest but do no damage.
The orc priest calls down the wrath of Beogh upon you.
Beogh smites you!
* * * LOW HITPOINT WARNING * * *
The orc priest hits you but does no damage.
You take 11 damage, and have 1/41 hp.
MASSIVE DAMAGE!!
The orc priest barely misses you. The orc priest hits you with a club.
You die...

#≈#.#≈# #≈≈.≈≈####
###'###..# #......# #####
#......# #....
#......####..#
#......#....#
#......ow##..{.... #####
#.....@### ....... #....
#.....oo.# ....... #....
###........##...{...
#....##†...............o.#
#.............≈≈≈≈≈......#
#....###....≈≈≈≈≈≈≈≈≈....o
#.... #..≈≈≈≈≈≈≈≈≈≈≈≈≈.
#.... #.≈≈≈≈≈≈≈≈≈≈≈≈≈≈≈
#.... #.≈≈≈≈≈≈...≈≈≈≈≈≈


You could see 3 orc priests and a dart slug.

Vanquished Creatures
  An orc priest (D:3)
  5 adders
  An ooze (D:3)
  3 worms (D:2)
  2 dart slugs
  A leopard gecko (D:3)
  4 orcs
  7 bats
  7 giant cockroaches
  8 goblins
  7 hobgoblins
  9 jackals
  2 kobolds
  4 rats
61 creatures vanquished.

Notes
Turn   | Place    | Note
-------+----------+-------------------------------------------
     0 | Abyss:1  | Banto the Formicid Abyssal Knight began the quest for the Orb.
     0 | Abyss:1  | Reached XP level 1. HP: 18/18 MP: 2/2
    58 | D:1      | Escaped the Abyss
   420 | D:1      | Reached XP level 2. HP: 24/24 MP: 3/3
   829 | D:2      | Reached XP level 3. HP: 22/29 MP: 5/5
  1138 | D:2      | Found a burning altar of Makhleb.
  1312 | D:2      | Noticed Sigmund
  1403 | D:3      | Reached ** piety under Lugonu
  1403 | D:3      | Reached XP level 4. HP: 26/35 MP: 6/6
  1697 | D:3      | Found a runed door.
  1708 | D:3      | Noticed a bullfrog
  1711 | D:3      | Noticed psixmax's ghost (weakling HuFi)
  1893 | D:3      | Reached XP level 5. HP: 16/41 MP: 8/8
  2371 | D:3      | Found a runed door.
  2612 | D:3      | Found a runed door.
  3925 | D:4      | Found a staircase to the Ecumenical Temple.
  3944 | Temple   | Entered the Ecumenical Temple
  4065 | D:4      | Found Ymusa's Magic Scroll Boutique.
  4070 | D:4      | Bought a scroll of identify for 22 gold pieces
  4070 | D:4      | Bought a scroll of identify for 22 gold pieces
  4070 | D:4      | Bought a scroll of identify for 22 gold pieces
  4070 | D:4      | Bought a scroll of identify for 22 gold pieces
  4106 | D:4      | HP: 1/41 [orc priest/divine providence (11)]
  4107 | D:4      | Slain by an orc priest

Vault maps used:
D:1:      dpeg_arrival_pits, serial_bayou_ford_a
D:2:      lemuel_crystal_altar, uniq_sigmund
D:3:      ebering_ghost_sewer_f, uniq_crazy_yiuf_cottage
D:4:      lightli_temple_of_fire, nemelex_xobeh_ov_fountains_minmay,
          temple_pool_b, first_ration, serial_shops, shop_fountains,
          kennysheep_little_box, nicolae_shop_stone, nicolae_shop_behind_doors,
          minmay_surrounded
Temple:   compressed_dpeg_circular_temple

Skill      XL: |  1  2  3  4  5 |
---------------+----------------+-----
Invocations    | 3 4 |  4.8
Axes           | 3 4 |  4.0
Fighting       | |  3.2
Armour         | |  2.1
Dodging        | |  0.8

Action                   |  1- 3 |  4- 6 || total
-------------------------+-------+-------++-------
Melee: Hand axe          |    80 |   155 ||   235
  Use: Scroll            |     3 |    11 ||    14
  Eat: Chunk             |     2 |     8 ||    10
Armor: Leather armour    |    31 |    42 ||    73
Dodge: Dodged            |    52 |    92 ||   144

Table legend:
 A = Spawn XP
 B = Non-spawn XP
 C = Spawn XP percentage of total XP
 D = Spawn monster count
 E = Non-spawn monster count
 F = Spawn count percentage of total count
 G = Total turns spent on level
                    A         B        C        D         E        F      G
               +---------+---------+-------+---------+---------+-------+---------
         Total |       0 |     232 |   0.0 |       0 |      61 |   0.0 |  4107
               +---------+---------+-------+---------+---------+-------+---------
           D:1 |       0 |      18 |   0.0 |       0 |       9 |   0.0 |   741
           D:2 |       0 |      98 |   0.0 |       0 |      21 |   0.0 |  1616
           D:3 |       0 |     107 |   0.0 |       0 |      27 |   0.0 |  1508
           D:4 |       0 |       9 |   0.0 |       0 |       4 |   0.0 |   104
               +---------+---------+-------+---------+---------+-------+---------

Table legend:
 A = Turns spent in this place as a percentage of turns spent in the entire game.
 B = Non-inter-level travel turns spent in this place as a percentage of non-inter-level travel turns spent in the entire game.
 C = Inter-level travel turns spent in this place as a percentage of turns spent in this place.
 D = Turns resting spent in this place as a percentage of non-inter-level travel turns spent in this place.
 E = Turns spent auto-exploring this place as a percentage of non-inter-level travel turns spent in this place.
 F = Non-inter-level travel turns spent in this place divided by the number of levels of this place that you've seen.
                   A       B       C       D       E      F
               +-------+-------+-------+-------+-------+----------------------
         Total | 100.0 | 100.0 |   7.5 |  26.7 |  52.1 | 633.0
       Dungeon |  96.6 |  96.4 |   7.7 |  27.7 |  54.0 | 915.8
        Temple |   1.9 |   2.0 |   3.8 |   0.0 |   0.0 |  77.0
         Abyss |   1.4 |   1.5 |   0.0 |   0.0 |   0.0 |  58.0
               +-------+-------+-------+-------+-------+----------------------

Table legend:
 A = Kills in this place as a percentage of kills in entire the game.
 B = Kills by you in this place as a percentage of kills by you in the entire game.
 C = Kills by friends in this place as a percentage of kills by friends in the entire game.
 D = Other kills in this place as a percentage of other kills in the entire game.
 E = Experience gained in this place as a percentage of experience gained in the entire game.
 F = Experience gained in this place divided by the number of levels of this place that you have seen.
                   A       B       C       D       E      F
               +-------+-------+-------+-------+-------+----------------------
         Total | 100.0 | 100.0 |   N/A |   N/A | 100.0 |  38.7
       Dungeon | 100.0 | 100.0 |   N/A |   N/A | 100.0 |  58.0
               +-------+-------+-------+-------+-------+----------------------
